 Dungeon Sprint DCSS version 0.30.1-9-gdf580d7c3d (webtiles) character file.

Game seed: 14348418573852552680

67 Heoruswealwe the Poker (level 3, -17/37 HPs)
             Began as a Minotaur Fighter on Oct 25, 2023.
             Demolished by an ogre
             ... wielding a +0 giant club
              (32 damage)
             ... in the Dungeon (Sprint IX: "|||||||||||||||||||||||||||||").
             The game lasted 00:00:37 (38 turns).

Heoruswealwe the Poker (Minotaur Fighter)             Turns: 38, Time: 00:00:37

Health: -17/37     AC:  7    Str: 22    XL:     3   Next: 98%
Magic:  2/2        EV:  9    Int:  5    God:
Gold:   0          SH:  4    Dex:  9    Spells: 2/2 levels left

rFire   . . .        a - +0 trident
rCold   . . .        d - +0 buckler
rNeg    . . .        c - +0 scale mail
rPois   .            (helmet restricted)
rElec   .            (no cloak)
rCorr   .            (no gloves)
SInv    .            (no boots)
Will    .....        (no amulet) Stlth
                     (no ring)
HPRegen 0.26/turn    (no ring)
MPRegen 0.08/turn

%: no teleportation
@: no status effects
A: horns 2, retaliatory headbutt
a: no special abilities


You were in the Dungeon.
You visited 1 branch

Inventory:

Hand Weapons
 a - a +0 trident (weapon)
Armour
 c - a +0 scale mail (worn)
 d - a +0 buckler (worn)
Scrolls
 j - a scroll of blinking
Potions
 b - a potion of might
 e - a potion of curing
 g - a potion of haste
 i - a potion of berserk rage


   Skills:
 + Level 5.8 Fighting
 * Level 7.0 Polearms
 + Level 5.9 Armour
 - Level 3.6 Shields


You had 2 spell levels left.
You didn't know any spells.
Your spell library was empty.

Dungeon Overview and Level Annotations

Branches:
Dungeon (1/1)

Altars:


Innate Abilities, Weirdness & Mutations

You have a pair of horns on your head.
You reflexively headbutt those who attack you in melee.


Message History

The gnoll is severely wounded.
The gnoll hits you with a +0 flail.
You barely miss the gnoll. You headbutt the gnoll.
You kill the gnoll!
Your Polearms skill increases to level 6!
You puncture the iguana!
The iguana is heavily wounded.
The iguana bites you!
You closely miss the iguana.
The iguana is heavily wounded.
The iguana completely misses you.
You barely miss the iguana. You headbutt the iguana.
The iguana is heavily wounded.
The iguana bites you.
You barely miss the iguana. Your headbutt misses the iguana.
The iguana is heavily wounded.
The iguana barely misses you.
You hit the iguana but do no damage.
The iguana is heavily wounded.
The iguana bites you!
* * * LOW HITPOINT WARNING * * *
You feel much better.
The iguana bites you but does no damage.
You hit the iguana. You headbutt the iguana.
You kill the iguana!
Your Polearms skill increases to level 7!
You hit the ogre but do no damage. Your headbutt misses the ogre.
The ogre hits you with a +0 giant club!!
Ouch! That really hurt!
You hit the ogre.
The ogre is lightly wounded.
The ogre completely misses you.
You puncture the ogre!
The ogre is heavily wounded.
You hit the ogre.
You headbutt the ogre, but do no damage.
The ogre is heavily wounded.
The ogre hits you with a +0 giant club!!
Ouch! That really hurt!
You die...

▓.▓
▓!▓
▓.▓
▓)▓
▓.▓
▓.▓
▓.▓
▓.▓
▓@▓
▓O▓
▓S▓
▓.▓
▓.▓
▓.▓
▓.▓
▓+▓


You could see a water moccasin and an ogre.

Vanquished Creatures
  2 iguanas (D)
  A gnoll (D)
  A ball python (D)
  An endoplasm (D)
  2 goblins (D)
  A jackal (D)
8 creatures vanquished.

Notes
Turn   | Place    | Note
-------+----------+-------------------------------------------
     0 | D        | Heoruswealwe the Minotaur Fighter began the quest for the
                  | Orb.
     0 | D        | Reached XP level 1. HP: 19/19 MP: 0/0
     6 | D        | Reached skill level 3 in Polearms
    13 | D        | Reached skill level 4 in Polearms
    20 | D        | Noticed an iguana
    20 | D        | Noticed an iguana
    20 | D        | Noticed an ogre
    20 | D        | Noticed a water moccasin
    24 | D        | Killed an iguana
    25 | D        | Reached skill level 5 in Fighting
    25 | D        | Reached skill level 5 in Polearms
    25 | D        | Reached skill level 5 in Armour
    25 | D        | Reached XP level 2. HP: 26/29 MP: 1/1
    25 | D        | Reached XP level 3. HP: 32/36 MP: 2/2
    28 | D        | Reached skill level 6 in Polearms
    35 | D        | Reached skill level 7 in Polearms
    38 | D        | Demolished by an ogre

Illustrated notes

Levels and vault maps discovered:
D:        linesprint [early_d, line_temple, items_1, d_10, items_2, lair_1,
          lair_end, items_3, orc_1, orc_end, items_4, d_15, swamp_1, shoals_1,
          snake_1, spider_1, d_20, vaults_1, items_5, swamp_end, shoals_end,
          snake_end, spider_end, vaults_end, d_27, items_6, zot_1, zot_end,
          crypt_end, forest_end, elf_end, slime_end, tomb_end, abyss_end,
          pan_hell_end]

Skill      XL: |  1  2  3 |
---------------+----------+-----
Polearms       | 5 7 |  7.0
Fighting       | 5 |  5.8
Armour         | 5 |  5.9
Shields        | |  3.6

Action                     || total
---------------------------++-------
  Melee: Trident           ||    24
         Headbutt          ||     8
    Use: Potion            ||     1
 Armour: Scale mail        ||     3
  Dodge: Dodged            ||     5
  Block: Buckler           ||     1
